 Dungeon Crawl Stone Soup version 0.28.0-53-g5a82cb258f (webtiles) character file.

Game seed: 7493285905190773457

78 NotreDorf the Poker (level 4, -2/35 HPs)
             Began as a Merfolk Gladiator on May 22, 2022.
             Slain by a gnoll
             ... wielding a +0 spear
              (7 damage)
             ... on level 2 of the Dungeon.
             The game lasted 00:04:03 (1461 turns).

NotreDorf the Poker (Merfolk Gladiator)             Turns: 1461, Time: 00:04:07

Health: -2/35      AC:  4    Str: 14    XL:     4   Next: 36%
Magic:  4/4        EV: 14    Int:  7    God:
Gold:   94         SH:  0    Dex: 17    Spells: 3/3 levels left

rFire   . . .      SeeInvis .   a - +0 trident
rCold   . . .      Faith    .   (no shield)
rNeg    . . .      Spirit   .   b - +0 leather armour
rPois   .          Reflect  .   h - +0 helmet
rElec   .          Harm     .   (no cloak)
rCorr   .          Rampage  .   (no gloves)
Will    .....                   (no boots)
Stlth   ++........              (no amulet)
HPRegen 0.11/turn               (no ring)
MPRegen 0.09/turn               (no ring)

@: no status effects
A: (nimble swimmer 2), mertail
a: no special abilities


You were on level 2 of the Dungeon.
You visited 1 branch of the dungeon, and saw 2 of its levels.

You collected 94 gold pieces.

Inventory:

Hand Weapons
 a - a +0 trident (weapon)
Missiles
 d - 3 throwing nets (quivered)
Armour
 b - a +0 leather armour (worn)
 c - a +0 helmet
 h - a +0 helmet (worn)
Scrolls
 f - a scroll of amnesia {unknown}
 i - 2 scrolls of identify {unknown}
 k - a scroll of blinking {unknown}
Potions
 e - a potion of curing {unknown}
 g - a potion of degeneration {unknown}
 j - a potion of mutation {unknown}
 l - a potion of cancellation {unknown}
 m - a potion of might {unknown}


   Skills:
 + Level 3.1 Fighting
 + Level 5.2 Polearms
 - Level 2.0 Throwing
 + Level 4.8 Dodging
 + Level 2.2 Stealth


You had 3 spell levels left.
You didn't know any spells.
Your spell library contained the following spells:

 Spells                   Type           Power      Damage    Failure   Level
 Conjure Flame            Conj/Fire      0%         6-21      87%         3
 Ignite Poison            Fire/Tmut/Pois 0%         N/A       87%         3
 Sticky Flame             Conj/Fire      0%         2d3       99%         4


Dungeon Overview and Level Annotations

Branches:
Dungeon (2/15)

Altars:


Innate Abilities, Weirdness & Mutations

((You are very nimble when in or above water. (Stealth+, EV+, Speed+++)))
Your lower body shifts to a powerful aquatic tail in water.


Message History

Press: ? - help, Dir - move target, f/p - gnoll
Aim: a gnoll, wielding a +0 spear (about 35% to evade your +0 trident)
You reach to attack!
You hit the gnoll but do no damage.
The gnoll hits you from afar with a +0 spear.
Reach: a) +0 trident
Press: ? - help, Dir - move target, f/p - gnoll
Aim: a gnoll, wielding a +0 spear (about 35% to evade your +0 trident)
You reach to attack!
You barely miss the gnoll. The gnoll misses you.
Reach: a) +0 trident
Press: ? - help, Dir - move target, f/p - gnoll
Aim: a gnoll, wielding a +0 spear (about 35% to evade your +0 trident)
You reach to attack!
You hit the gnoll.
The gnoll is lightly wounded.
The gnoll closely misses you.
Reach: a) +0 trident
Press: ? - help, Dir - move target, f/p - gnoll
Aim: a gnoll, wielding a +0 spear (lightly wounded, about 35% to evade your +0 trident)
You reach to attack!
You hit the gnoll but do no damage.
The gnoll is lightly wounded.
The gnoll hits you from afar with a +0 spear!
* * * LOW HITPOINT WARNING * * *
Reach: a) +0 trident
Press: ? - help, Dir - move target, f/p - gnoll
Aim: a gnoll, wielding a +0 spear (lightly wounded, about 35% to evade your +0 trident)
You reach to attack!
You hit the gnoll but do no damage.
The gnoll is lightly wounded.
The gnoll misses you.
Reach: a) +0 trident
Press: ? - help, Dir - move target, f/p - gnoll
Aim: a gnoll, wielding a +0 spear (lightly wounded, about 35% to evade your +0 trident)
You reach to attack!
You hit the gnoll but do no damage.
The gnoll is lightly wounded.
The gnoll misses you.
Reach: a) +0 trident
Press: ? - help, Dir - move target, f/p - gnoll
Aim: a gnoll, wielding a +0 spear (lightly wounded, about 35% to evade your +0 trident)
You reach to attack!
You hit the gnoll.
The gnoll is heavily wounded.
The gnoll hits you from afar with a +0 spear!
You die...

♣♣.8_8..♣♣## ##...##
#♣♣♣♣♣♣♣♣..## ##.##
#.# #.....########.#
#.######..†........#.#
#.....†.....######.#.#
########.............#
##.#.######.### #.#.#
#.# ######### #@#.#
#.# ........# #)#..
..# #######.# #g###
### # #.### #.......#
# #####...# #.#####.$
# #.......# #.# #
#.###...# #.#
###.###..## ...
........... g..


You could see a gnoll.

Vanquished Creatures
  A gnoll (D:2)
  4 adders (D:2)
  4 ball pythons
  A bat (D:2)
  5 endoplasms
  4 giant cockroaches (D:2)
  2 hobgoblins (D:2)
  2 jackals (D:2)
  6 kobolds (D:2)
  A goblin (D:1)
  A rat (D:2)
31 creatures vanquished.

Notes
Turn   | Place    | Note
-------+----------+-------------------------------------------
     0 | D:1      | NotreDorf the Merfolk Gladiator began the quest for the
                  | Orb.
     0 | D:1      | Reached XP level 1. HP: 16/16 MP: 1/1
   803 | D:2      | Reached skill level 1 in Stealth
   803 | D:2      | Reached XP level 2. HP: 19/23 MP: 2/2
   945 | D:2      | Reached XP level 3. HP: 22/28 MP: 3/3
  1305 | D:2      | Reached skill level 5 in Polearms
  1305 | D:2      | Found a faded altar of an unknown god.
  1340 | D:2      | Reached XP level 4. HP: 34/35 MP: 4/4
  1461 | D:2      | Slain by a gnoll

Illustrated notes

Levels and vault maps discovered:
D:1:      wander_arrival_fairy_ring, layout_basic
D:2:      layout_loops_corners, shapermc_ecumenical_altar_totnotflames,
          st_stairs_5, guppyfry_early_lair_pool

Skill      XL: |  1  2  3 |
---------------+----------+-----
Stealth        | 1 2 |  2.2
Polearms       | 5 |  5.2
Fighting       | 3 |  3.1
Throwing       | |  2.0
Dodging        | |  4.8

Action                   |  1- 3 |  4- 6 || total
-------------------------+-------+-------++-------
Melee: Trident           |    70 |    25 ||    95
 Stab: Sleeping          |     5 |     1 ||     6
Armor: Leather armour    |    14 |     2 ||    16
Dodge: Dodged            |    35 |    11 ||    46
